 Dungeon Crawl Stone Soup version 0.22-a0-422-g9628fc87f1 (webtiles) character file.

64 Kriby the Ducker (level 3, 0/18 HPs)
             Began as a Spriggan Gladiator on May 19, 2018.
             Succumbed to an adder's poison
             ... on level 2 of the Dungeon.
             The game lasted 00:02:31 (1124 turns).

Kriby the Ducker (Spriggan Gladiator)               Turns: 1124, Time: 00:02:31

Health: 0/18       AC:  2    Str: 16    XL:     3   Next: 91%
Magic:  4/4        EV: 21    Int:  9    God:
Gold:   75         SH:  0    Dex: 17    Spells: 2/2 levels left

rFire    . . .     SeeInvis +   a - +0 quarterstaff
rCold    . . .     Gourm    .   (shield currently unavailable)
rNeg     . . .     Faith    .   b - +0 robe
rPois    .         Spirit   .   c - +0 hat
rElec    .         Reflect  .   (no cloak)
rCorr    .         Harm     .   (gloves unavailable)
MR       .....                  (boots unavailable)
Stlth    ++........             (no amulet)
HPRegen  0.06/turn              (no ring)
MPRegen  0.09/turn              (no ring)

@: mighty, lethally poisoned (0 -> -7), invisible, very quick
A: very small, unfitting armour, see invisible, herbivore, speed 3, slow
metabolism 2
a: no special abilities


You were on level 2 of the Dungeon.
You were not hungry.

You visited 1 branch of the dungeon, and saw 2 of its levels.

You collected 75 gold pieces.

Inventory:

Hand Weapons
 a - a +0 quarterstaff (weapon)
Missiles
 d - 3 throwing nets (quivered)
Armour
 b - a +0 robe (worn)
 c - a +0 hat (worn)
Scrolls
 g - 2 scrolls of teleportation {unknown}
 h - 2 scrolls of remove curse {unknown}
Potions
 i - a potion of invisibility
Comestibles
 f - 2 rations


   Skills:
 + Level 2.2 Fighting
 + Level 2.5 Staves
 - Level 2.0 Throwing
 * Level 5.9 Dodging


You had 2 spell levels left.
You didn't know any spells.
Your spell library was empty.

Dungeon Overview and Level Annotations

Branches:
Dungeon (2/15)

Altars:


Innate Abilities, Weirdness & Mutations

You are very small and have problems with some larger weapons.
You are too small for most types of armour.
You have supernaturally acute eyesight. (SInv)
You are a herbivore.
You cover ground extremely quickly.
You need to consume almost no food.


Message History

You are more poisoned.
The adder poisons you! The adder misses you.
You barely miss the adder.
The adder is heavily wounded.
* * * LOW HITPOINT WARNING * * *
You feel sick. The adder closely misses you.
You miss the adder.
The adder is heavily wounded.
* * * LOW HITPOINT WARNING * * *
You feel sick. The adder closely misses you. x2
You closely miss the adder.
The adder is heavily wounded.
* * * LOW HITPOINT WARNING * * *
You feel sick. The adder barely misses you.
It was a potion of might.
You feel very mighty all of a sudden. The adder barely misses you.
It was a potion of invisibility.
You fade into invisibility!
You die...

#.##.........#
#.##.#######.#
#....# #.#
###### #.# #.#
#.# #.#
#.##.##
#..S@.#
#######


You could see an adder.

Vanquished Creatures
  2 adders (D:2)
  2 oozes (D:1)
  A dart slug (D:1)
  2 leopard geckos (D:1)
  A ball python (D:1)
  9 bats (D:1)
  3 giant cockroaches (D:1)
  3 goblins (D:1)
  4 hobgoblins
  2 kobolds
  4 rats (D:1)
33 creatures vanquished.

Notes
Turn   | Place    | Note
-------+----------+-------------------------------------------
     0 | D:1      | Kriby the Spriggan Gladiator began the quest for the Orb.
     0 | D:1      | Reached XP level 1. HP: 10/10 MP: 2/2
   162 | D:1      | Reached XP level 2. HP: 15/15 MP: 3/3
   211 | D:1      | Reached skill level 5 in Dodging
   659 | D:1      | Reached XP level 3. HP: 18/18 MP: 4/4
  1124 | D:2      | Succumbed to an adder's poison

Vault maps used:
D:1:      mushboom_english_gardens
D:2:      lemuel_doored_altar, first_ration, nicolae_underground_beach,
          uniq_terence, uniq_sigmund

Skill      XL: |  1  2 |
---------------+-------+-----
Dodging        | 5 |  5.9
Fighting       | 2 |  2.2
Staves         | |  2.5
Throwing       | |  2.0

Action                   || total
-------------------------++-------
Melee: Quarterstaff      ||   105
  Use: Potion            ||     2
 Stab: Sleeping          ||     5
Armor: Robe              ||    13
Dodge: Dodged            ||   127

Table legend:
 A = Spawn XP
 B = Non-spawn XP
 C = Spawn XP percentage of total XP
 D = Spawn monster count
 E = Non-spawn monster count
 F = Spawn count percentage of total count
 G = Total turns spent on level
                    A         B        C        D         E        F      G
               +---------+---------+-------+---------+---------+-------+---------
         Total |       0 |      92 |   0.0 |       0 |      33 |   0.0 |  1124
               +---------+---------+-------+---------+---------+-------+---------
           D:1 |       0 |      61 |   0.0 |       0 |      29 |   0.0 |  1016
           D:2 |       0 |      31 |   0.0 |       0 |       4 |   0.0 |   108
               +---------+---------+-------+---------+---------+-------+---------
